 Dungeon Crawl Stone Soup version 0.29-a0-398-ge13fd1374b (webtiles) character file.

Game seed: 6398479599477165954

245 zishaf the Sneak (level 6, -3/33 HPs)
             Began as a Vine Stalker Brigand on May 12, 2022.
             Succumbed to Duvessa's poison
             ... on level 4 of the Dungeon.
             The game lasted 00:04:24 (2601 turns).

zishaf the Sneak (Vine Stalker Brigand)             Turns: 2601, Time: 00:04:25

Health: -3/33      AC:  8    Str: 14    XL:     6   Next: 10%
Magic:  3/16       EV: 11    Int: 11    God:
Gold:   164        SH:  0    Dex: 17    Spells: 5/5 levels left

rFire   . . .      SeeInvis .   q - +1 dagger (elec)
rCold   . . .      Faith    .   (no shield)
rNeg    . . .      Spirit   +   s - +0 robe
rPois   .          Reflect  .   (no helmet)
rElec   .          Harm     .   c - +1 cloak
rCorr   .          Rampage  .   (no gloves)
Will    .....                   (no boots)
Stlth   +++.......              (no amulet)
HPRegen 0.91/turn               g - ring of magical power
MPRegen 0.15/turn               j - +4 ring of protection

@: lethally poisoned (-3 -> -27)
A: fangs 2, regeneration 1, magic shield, antimagic bite, no potion heal 2
a: no special abilities


You were on level 4 of the Dungeon.
You visited 1 branch of the dungeon, and saw 4 of its levels.

You collected 164 gold pieces.

Inventory:

Hand Weapons
 a - a +2 dagger
 b - a +0 hunting sling
 n - a +0 rapier of venom
 q - a +1 dagger of electrocution (weapon)
Missiles
 d - 9 poisoned darts (quivered)
 e - 3 curare-tipped darts
 m - a throwing net
Armour
 c - a +1 cloak (worn)
 s - a +0 robe (worn)
Jewellery
 g - a ring of magical power (left hand)
 j - a +4 ring of protection (right hand)
Scrolls
 f - a scroll of teleportation
 h - a scroll of fog {unknown}
Potions
 i - a potion of might {unknown}
 k - 2 potions of curing
 l - a potion of flight {unknown}
 o - a potion of berserk rage {unknown}
 p - a potion of haste {unknown}
 r - 2 potions of invisibility {unknown}
 t - a potion of mutation {unknown}
 u - a potion of degeneration {unknown}
 v - a potion of attraction {unknown}


   Skills:
 + Level 3.7 Fighting
 + Level 3.7 Short Blades
 - Level 3.0 Throwing
 - Level 0.7 Dodging
 - Level 5.0 Stealth


You had 5 spell levels left.
You didn't know any spells.
Your spell library contained the following spells:

 Spells                   Type           Power      Damage    Failure   Level
 Animate Skeleton         Necr           0%         N/A       34%         1
 Apportation              Tloc           0%         N/A       34%         1
 Foxfire                  Conj/Fire      0%         2x1d4     34%         1
 Freeze                   Ice            0%         1d3       34%         1
 Summon Small Mammal      Summ           0%         N/A       34%         1
 Conjure Flame            Conj/Fire      0%         6-21      71%         3
 Frozen Ramparts          Ice            0%         1d2       71%         3
 Inner Flame              Hex/Fire       0%         N/A       71%         3
 Flame Wave               Conj/Fire      0%         2d4       98%         4
 Hailstorm                Conj/Ice       0%         3d3       98%         4


Dungeon Overview and Level Annotations

Branches:
Dungeon (4/15)
 Temple: D:4-7

Altars:
Ashenzari

Annotations:
D:4 Dowan


Innate Abilities, Weirdness & Mutations

You have extremely sharp teeth.
Your natural rate of healing is unusually fast.
When hurt, damage is shared between your health and your magic reserves.
Your bite disrupts and absorbs the magic of your enemies.
Potions cannot restore your health.


Message History

Duvessa seems to speed up.
You hit Duvessa but do no damage. Lightning courses through Duvessa!
Your bite misses Duvessa.
Duvessa is moderately wounded.
Duvessa barely misses you.
You barely miss Duvessa. You bite Duvessa. You drain her power.
Duvessa is heavily wounded.
Duvessa hits you with a +6 short sword of venom!
You closely miss Duvessa.
Duvessa is heavily wounded.
Duvessa completely misses you. Duvessa barely misses you.
You hit Duvessa but do no damage. You bite Duvessa, but do no damage.
Duvessa is heavily wounded.
Duvessa hits you with a +6 short sword of venom.
You are poisoned.
You hit Duvessa but do no damage. You bite Duvessa, but do no damage.
Duvessa is heavily wounded.
You feel sick.
Duvessa hits you with a +6 short sword of venom.
You are more poisoned.
Dowan mumbles some strange words.
Dowan blinks!
You hit Duvessa. You bite Duvessa, but do no damage.
Duvessa is heavily wounded.
You feel very sick.
Duvessa hits you with a +6 short sword of venom!
* * * LOW HITPOINT WARNING * * *
You are lethally poisoned!
You hit Duvessa but do no damage.
Duvessa is heavily wounded.
* * * LOW HITPOINT WARNING * * *
You feel very sick.
Duvessa hits you with a +6 short sword of venom.
* * * LOW HITPOINT WARNING * * *
You are more poisoned.
You hit Duvessa but do no damage. Lightning courses through Duvessa!!
You kill Duvessa!
Dowan screams, "No!
No!"
Dowan seems to find hidden reserves of power!
You die...

.########..#.# #. ...........#.#
#.# #########.##.. ...
...........### .......# #.#
##...####..### .......# #.#
#...........# ......e# #.#
#...........# .......#
#.#######...........#
.[.....######.ยง)@...........#.###
#.........e..#######...###.#.#
#............# #... #.#.##
#............# #.. #.#).#
#............# #. #.#..#
#............# #. #.#..#
#............# #.#..##
#............# #######.#...#
#....<.......# #............


You could see Dowan (fast).

Vanquished Creatures
  Duvessa (D:4)
  An orc priest (D:3)
  An orc wizard (D:3)
  3 gnolls (D:2)
  8 adders
  2 worms
  2 dart slugs (D:2)
  6 orcs
  4 endoplasms
  3 giant cockroaches
  8 goblins
  7 hobgoblins
  2 jackals (D:2)
  3 quokkas
  7 ball pythons
  6 bats
  2 frilled lizards
  6 kobolds
  6 rats
78 creatures vanquished.

Notes
Turn   | Place    | Note
-------+----------+-------------------------------------------
     0 | D:1      | zishaf the Vine Stalker Brigand began the quest for the
                  | Orb.
     0 | D:1      | Reached XP level 1. HP: 11/11 MP: 2/2
   236 | D:1      | Found a faded altar of an unknown god.
   353 | D:1      | Reached skill level 5 in Stealth
   353 | D:1      | Reached XP level 2. HP: 15/15 MP: 3/3
   853 | D:2      | Reached XP level 3. HP: 17/18 MP: 4/4
  1263 | D:2      | Gained mutation: Your natural rate of healing is unusually
                  | fast. [Vine Stalker growth]
  1263 | D:2      | Reached XP level 4. HP: 23/23 MP: 5/5
  1821 | D:3      | Found a broken altar of Ashenzari.
  1839 | D:3      | Reached XP level 5. HP: 28/28 MP: 6/6
  2476 | D:4      | Reached XP level 6. HP: 32/32 MP: 7/7
  2581 | D:4      | Noticed Dowan
  2583 | D:4      | Noticed Duvessa
  2601 | D:4      | Killed Duvessa
  2601 | D:4      | Succumbed to Duvessa's poison

Illustrated notes

Levels and vault maps discovered:
D:1:      minmay_arrival_loop, layout_loops_ring, basic_ecumenical_altar
D:2:      layout_rooms
D:3:      wander_river, layout_rooms, old_standard_altar
D:4:      layout_basic, minmay_ogre_servants, uniq_duvessa, uniq_robin

Skill      XL: |  1  2  3  4  5 |
---------------+----------------+-----
Fighting       | 2 3 |  3.7
Throwing       | 2 3 |  3.0
Stealth        | 5 |  5.0
Short Blades   | 2 3 |  3.7
Dodging        | |  0.7

Action                   |  1- 3 |  4- 6 || total
-------------------------+-------+-------++-------
Melee: Dagger            |    85 |   166 ||   251
       Bite              |    11 |    47 ||    58
       Punch             |     2 |     2 ||     4
 Fire: Hunting sling     |       |     5 ||     5
  Use: Scroll            |       |     7 ||     7
 Stab: Sleeping          |    11 |     7 ||    18
Armor: Robe              |    12 |    29 ||    41
Dodge: Dodged            |    44 |    82 ||   126

Table legend: (Time is in decaauts)
 A = Elapsed time spent in this place.
 B = Non-inter-level travel time spent in this place.
 C = Inter-level travel time spent in this place.
 D = Time resting spent in this place.
 E = Time spent auto-exploring this place.
 F = Levels seen in this place.
 G = Mean time per level.
                   A        B        C        D        E       F      G
               +--------+--------+--------+--------+--------+-----+--------+
         Total |   2575 |   2487 |     88 |    129 |   1739 |   4 |  643.8 |
       Dungeon |   2575 |   2487 |     88 |    129 |   1739 |   4 |  643.8 |
               +--------+--------+--------+--------+--------+-----+--------+

Top non-repeatable levels by time:
     D:2: 917 daAuts
     D:1: 827 daAuts
     D:3: 493 daAuts
     D:4: 337 daAuts
